NWL (28 & UNDER)
MENLO MANIACS @ BALZAC RAMS
05/01/2028
 
TOP OF THE 1ST
Menlo Maniacs batting - Pitching for Balzac Rams : RHP Fernando Guzmán
Pitching: RHP Fernando Guzmán
Batting: RHB Jason Blair 0-0: Called Strike
0-1: Foul Ball, location: 2F
0-2: Ball
1-2: Ball
2-2: Foul Ball, location: 2F
2-2: Foul Ball, location: 2F
2-2: Ball
3-2: Base on Balls
Batting: LHB Ken Smith 0-0: Called Strike
0-1: Foul Ball, location: 2F
0-2: Ball
1-2: Foul Ball, location: 2F
1-2: Foul Ball, location: 2F
1-2: Foul Ball, location: 2F
1-2: Ground out 3-1 (Groundball, 34S)
Jason Blair to second
Batting: LHB José Peralta 0-0: Ball
1-0: Ball
2-0: Foul Ball, location: 2F
2-1: Foul Ball, location: 2F
2-2: Strikes out swinging
Batting: LHB Bernardo Rodríguez 0-0: Ball
1-0: Ball
2-0: Ball
3-0: Called Strike
3-1: Base on Balls
Batting: LHB Robby Lawson 0-0: Ball
1-0: Foul Ball, location: 2F
1-1: Ball
2-1: Called Strike
2-2: Ball
3-2: Base on Balls
Jason Blair to third
Bernardo Rodríguez to second
Batting: SHB Ryan Holcomb 0-0: Ball
1-0: Ball
2-0: Called Strike
2-1: Ball
3-1: SINGLE (Groundball, 56D)
Jason Blair scores
Bernardo Rodríguez to third
Robby Lawson to second
Runner from 3rd tries for Home, SAFE, no throw
Batting: LHB Tristan Walker 0-0: Called Strike
0-1: Foul Ball, location: 2F
0-2: Ball
Passed Ball!
Robby Lawson to third
Ryan Holcomb to second
1-2: Ball
2-2: Foul Ball, location: 2F
2-2: Ball
3-2: Strikes out swinging
Top of the 1st over - 2 run(s), 1 hit(s), 0 error(s), 2 left on base; Menlo 2 - Balzac 0
BOTTOM OF THE 1ST
Balzac Rams batting - Pitching for Menlo Maniacs : LHP Raúl Fernández
Pitching: LHP Raúl Fernández
Batting: RHB Tomás Díaz 0-0: Ground out 6-3 (Groundball, 6)
Batting: LHB Troy Jackson 0-0: Ball
1-0: Called Strike
1-1: Foul Ball, location: 2F
1-2: Strikes out swinging
Batting: RHB Brian Parks 0-0: Called Strike
0-1: Foul Ball, location: 2F
0-2: Ball
1-2: Ground out 1-3 (Groundball, P)
Bottom of the 1st over - 0 run(s), 0 hit(s), 0 error(s), 0 left on base; Menlo 2 - Balzac 0
TOP OF THE 2ND
Menlo Maniacs batting - Pitching for Balzac Rams : RHP Fernando Guzmán
Batting: RHB Gilberto León 0-0: Called Strike
0-1: SINGLE (Line Drive, 34D)
Batting: RHB Kyle Mann 0-0: Ball
1-0: Foul Ball, location: 2F
1-1: Swinging Strike
1-2: Ball
2-2: Grounds into double play, 5-4-3 (Groundball, 56)
Batting: RHB Jason Blair 0-0: Ball
1-0: Called Strike
1-1: SINGLE (Popup, 34D)
Batting: LHB Ken Smith 0-0: Ball
1-0: Foul Ball, location: 2F
1-1: Foul Ball, location: 2F
1-2: Foul Ball, location: 2F
1-2: Strikes out swinging
Top of the 2nd over - 0 run(s), 2 hit(s), 0 error(s), 1 left on base; Menlo 2 - Balzac 0
BOTTOM OF THE 2ND
Balzac Rams batting - Pitching for Menlo Maniacs : LHP Raúl Fernández
Batting: LHB Carlos Romero 0-0: Ball
1-0: Called Strike
1-1: Ball
2-1: Ball
3-1: Base on Balls
Batting: RHB Gunner Allen 0-0: Called Strike
0-1: Called Strike
0-2: Foul Ball, location: 2F
0-2: Ball
1-2: Strikes out swinging
Batting: RHB Ricardo Muñóz 0-0: Ball
1-0: Ball
2-0: Called Strike
2-1: Ball
3-1: Reached on error, E5 (Groundball, 56)
Carlos Romero to second
Batting: RHB Félix Quintero 0-0: Foul Ball, location: 2F
0-1: Swinging Strike
0-2: Ball
1-2: Ground out 3-1 (Groundball, 34S)
Carlos Romero to third
Ricardo Muñóz to second
Batting: RHB Santiago Rivera 0-0: Called Strike
0-1: Fly out, F3 (Popup, 3L)
Bottom of the 2nd over - 0 run(s), 0 hit(s), 1 error(s), 2 left on base; Menlo 2 - Balzac 0
TOP OF THE 3RD
Menlo Maniacs batting - Pitching for Balzac Rams : RHP Fernando Guzmán
Batting: LHB José Peralta 0-0: Ball
1-0: Foul Ball, location: 2F
1-1: Ball
2-1: Foul Ball, location: 2F
2-2: Foul Ball, location: 2F
2-2: Strikes out swinging
Batting: LHB Bernardo Rodríguez 0-0: Swinging Strike
0-1: Called Strike
0-2: Ball
1-2: Strikes out swinging
Batting: LHB Robby Lawson 0-0: Called Strike
0-1: Foul Ball, location: 2F
0-2: Foul Ball, location: 2F
0-2: Strikes out looking
Top of the 3rd over - 0 run(s), 0 hit(s), 0 error(s), 0 left on base; Menlo 2 - Balzac 0
BOTTOM OF THE 3RD
Balzac Rams batting - Pitching for Menlo Maniacs : LHP Raúl Fernández
Batting: RHB Mike Beach 0-0: Called Strike
0-1: Foul Ball, location: 2F
0-2: Strikes out looking
Batting: RHB Tomás Díaz 0-0: Ball
1-0: Called Strike
1-1: Ball
2-1: SINGLE (Line Drive, 4MD)
Batting: LHB Troy Jackson 0-0: Ball
1-0: Ball
2-0: Swinging Strike
2-1: 2-RUN HOME RUN (Flyball, 9LD), Distance : 412 ft
Batting: RHB Brian Parks 0-0: Called Strike
0-1: Ball
1-1: Ball
2-1: Swinging Strike
2-2: Strikes out swinging
Batting: LHB Carlos Romero 0-0: Called Strike
0-1: Foul Ball, location: 2F
0-2: Foul Ball, location: 2F
0-2: Strikes out swinging
Bottom of the 3rd over - 2 run(s), 2 hit(s), 0 error(s), 0 left on base; Menlo 2 - Balzac 2
TOP OF THE 4TH
Menlo Maniacs batting - Pitching for Balzac Rams : RHP Fernando Guzmán
Batting: SHB Ryan Holcomb 0-0: Ground out 1-3 (Groundball, P)
Batting: LHB Tristan Walker 0-0: Ball
1-0: Ball
2-0: Foul Ball, location: 2F
2-1: Foul Ball, location: 2F
2-2: Fly out, F5 (Popup, 5)
Batting: RHB Gilberto León 0-0: Ball
1-0: Swinging Strike
1-1: Called Strike
1-2: Strikes out swinging
Top of the 4th over - 0 run(s), 0 hit(s), 0 error(s), 0 left on base; Menlo 2 - Balzac 2
BOTTOM OF THE 4TH
Balzac Rams batting - Pitching for Menlo Maniacs : LHP Raúl Fernández
Batting: RHB Gunner Allen 0-0: Fly out, F7 (Line Drive, 7)
Batting: RHB Ricardo Muñóz 0-0: Ball
1-0: Ball
2-0: Ball
3-0: Base on Balls
Batting: RHB Félix Quintero 0-0: Ball
1-0: Ball
2-0: Ball
3-0: Called Strike
3-1: Base on Balls
Ricardo Muñóz to second
Batting: RHB Santiago Rivera 0-0: Ball
1-0: Foul Ball, location: 2F
1-1: SINGLE (Line Drive, 78S)
Ricardo Muñóz to third
Félix Quintero to second
Runner from 3rd tries for Home, SAFE, no throw
Batting: RHB Mike Beach 0-0: Foul Ball, location: 2F
0-1: SINGLE (Line Drive, 7S)
Félix Quintero to third
Santiago Rivera to second
Batting: RHB Tomás Díaz 0-0: Ball
1-0: Ball
Wild Pitch!
Félix Quintero scores
Santiago Rivera to third
Mike Beach to second
2-0: Called Strike
2-1: SINGLE (Line Drive, 56D)
Santiago Rivera scores
Mike Beach to third
Batting: LHB Troy Jackson 0-0: Ball
1-0: Ball
2-0: Called Strike
2-1: Called Strike
2-2: Ball
3-2: Strikes out swinging
Batting: RHB Brian Parks 0-0: Fly out, F8 (Flyball, 78S)
Bottom of the 4th over - 3 run(s), 3 hit(s), 0 error(s), 2 left on base; Menlo 2 - Balzac 5
TOP OF THE 5TH
Menlo Maniacs batting - Pitching for Balzac Rams : RHP Fernando Guzmán
Pitching: RHP John Harris
Batting: RHB Kyle Mann 0-0: Called Strike
0-1: Ball
1-1: Ball
2-1: Ball
3-1: Swinging Strike
3-2: Foul Ball, location: 2F
3-2: Foul Ball, location: 2F
3-2: Strikes out swinging
Batting: RHB Jason Blair 0-0: Ball
1-0: Ball
2-0: Called Strike
2-1: SINGLE (Groundball, 34D)
Batting: LHB Ken Smith Pickoff Throw to First - Error! E1
Jason Blair to second
0-0: Ball
1-0: Foul Ball, location: 2F
1-1: Hit by Pitch
Batting: LHB José Peralta 0-0: Ball
1-0: Ball
2-0: Ball
3-0: Called Strike
3-1: Base on Balls
Jason Blair to third
Ken Smith to second
Batting: LHB Bernardo Rodríguez 0-0: Foul Ball, location: 2F
0-1: Called Strike
0-2: Ball
1-2: Foul Ball, location: 2F
1-2: Foul Ball, location: 2F
1-2: Ball
2-2: Foul Ball, location: 2F
2-2: Fly out, F7 (Flyball, 7S)
Batting: LHB Robby Lawson 0-0: Ball
1-0: Fielders Choice at 2nd, 4-6 (Groundball, 4)
Top of the 5th over - 0 run(s), 1 hit(s), 1 error(s), 2 left on base; Menlo 2 - Balzac 5
BOTTOM OF THE 5TH
Balzac Rams batting - Pitching for Menlo Maniacs : LHP Raúl Fernández
Batting: LHB Carlos Romero 0-0: Called Strike
0-1: Ground out 3-1 (Groundball, 34)
Batting: RHB Gunner Allen 0-0: Ball
1-0: DOUBLE (Groundball, 5D)
Batting: RHB Ricardo Muñóz 0-0: DOUBLE (Line Drive, 78D)
Gunner Allen scores
Pitching: RHP Wayne Todd
Batting: RHB Félix Quintero 0-0: Ball
1-0: Ball
2-0: Called Strike
2-1: Swinging Strike
2-2: Ball
3-2: Base on Balls
Batting: RHB Santiago Rivera 0-0: Ground out 5-3 (Groundball, 5S)
Ricardo Muñóz to third
Félix Quintero to second
Batting: RHB Mike Beach 0-0: Called Strike
0-1: Ball
1-1: Ball
2-1: Foul Ball, location: 2F
2-2: Strikes out swinging
Bottom of the 5th over - 1 run(s), 2 hit(s), 0 error(s), 2 left on base; Menlo 2 - Balzac 6
TOP OF THE 6TH
Menlo Maniacs batting - Pitching for Balzac Rams : RHP John Harris
Batting: SHB Ryan Holcomb 0-0: Ball
1-0: Ball
2-0: Swinging Strike
2-1: DOUBLE (Groundball, 3L)
Batting: LHB Tristan Walker 0-0: Ball
1-0: Foul Ball, location: 2F
1-1: Called Strike
1-2: Strikes out swinging
Batting: RHB Gilberto León 0-0: Ball
1-0: Ball
2-0: Called Strike
2-1: Fly out, F8 (Flyball, 8RM)
Batting: RHB Kyle Mann 0-0: Ball
1-0: Called Strike
1-1: Ball
2-1: Foul Ball, location: 2F
2-2: Strikes out looking
Top of the 6th over - 0 run(s), 1 hit(s), 0 error(s), 1 left on base; Menlo 2 - Balzac 6
BOTTOM OF THE 6TH
Balzac Rams batting - Pitching for Menlo Maniacs : RHP Wayne Todd
Batting: RHB Tomás Díaz 0-0: Ball
1-0: Ground out 6-3 (Groundball, 6)
Batting: LHB Troy Jackson 0-0: Fly out, F7 (Flyball, 7S)
Batting: RHB Brian Parks 0-0: Ball
1-0: Foul Ball, location: 2F
1-1: Ball
2-1: Ball
3-1: Base on Balls
Batting: LHB Carlos Romero 0-0: Ball
1-0: Foul Ball, location: 2F
1-1: Ball
2-1: Swinging Strike
2-2: Fly out, F8 (Line Drive, 8LM)
Bottom of the 6th over - 0 run(s), 0 hit(s), 0 error(s), 1 left on base; Menlo 2 - Balzac 6
TOP OF THE 7TH
Menlo Maniacs batting - Pitching for Balzac Rams : RHP John Harris
Batting: RHB Jason Blair 0-0: Called Strike
0-1: Foul Ball, location: 2F
0-2: Ball
1-2: Ball
2-2: Ball
3-2: Ground out 6-3 (Groundball, 6)
Batting: LHB Ken Smith 0-0: Swinging Strike
0-1: Foul Ball, location: 2F
0-2: Ball
1-2: Foul Ball, location: 2F
1-2: Foul Ball, location: 2F
1-2: Ball
2-2: Strikes out looking
Pitching: LHP Martin Balsano
Batting: LHB José Peralta 0-0: Called Strike
0-1: Foul Ball, location: 2F
0-2: Ball
1-2: Ball
2-2: Foul Ball, location: 2F
2-2: Strikes out swinging
Top of the 7th over - 0 run(s), 0 hit(s), 0 error(s), 0 left on base; Menlo 2 - Balzac 6
BOTTOM OF THE 7TH
Balzac Rams batting - Pitching for Menlo Maniacs : RHP Wayne Todd
Batting: RHB Gunner Allen 0-0: Called Strike
0-1: Ball
1-1: Ground out 5-3 (Groundball, 56)
Batting: RHB Ricardo Muñóz 0-0: Foul Ball, location: 2F
0-1: Ball
1-1: Swinging Strike
1-2: Ball
2-2: Strikes out swinging
Batting: RHB Félix Quintero 0-0: Ball
1-0: Called Strike
1-1: Ball
2-1: Foul Ball, location: 2F
2-2: Ball
3-2: Foul Ball, location: 2F
3-2: Foul Ball, location: 2F
3-2: Base on Balls
Batting: RHB Santiago Rivera 0-0: Foul Ball, location: 2F
0-1: Foul Ball, location: 2F
0-2: Ball
1-2: Ball
2-2: Ball
3-2: Foul Ball, location: 2F
3-2: Strikes out looking
Bottom of the 7th over - 0 run(s), 0 hit(s), 0 error(s), 1 left on base; Menlo 2 - Balzac 6
TOP OF THE 8TH
Menlo Maniacs batting - Pitching for Balzac Rams : LHP Martin Balsano
Batting: LHB Bernardo Rodríguez 0-0: Ground out 5-3 (Groundball, 56)
Batting: LHB Robby Lawson 0-0: Ball
1-0: Ball
2-0: Called Strike
2-1: Ball
3-1: Ground out U3 (Groundball, 3)
Batting: SHB Ryan Holcomb 0-0: Ball
1-0: Ball
2-0: Fly out, F9 (Flyball, 9LMF)
Top of the 8th over - 0 run(s), 0 hit(s), 0 error(s), 0 left on base; Menlo 2 - Balzac 6
BOTTOM OF THE 8TH
Balzac Rams batting - Pitching for Menlo Maniacs : RHP Wayne Todd
Batting: RHB Mike Beach 0-0: Ball
1-0: Foul Ball, location: 2F
1-1: Fly out, F8 (Line Drive, 8LM)
Pitching: RHP Gerard Gustafson
Batting: RHB Tomás Díaz 0-0: Ball
1-0: Ball
2-0: Called Strike
2-1: SINGLE (Flyball, 8RS)
Batting: LHB Troy Jackson 0-0: Called Strike
0-1: 2-RUN HOME RUN (Flyball, 9D), Distance : 413 ft
Batting: RHB Brian Parks 0-0: SINGLE (Line Drive, 8LS)
Batting: LHB Carlos Romero 0-0: Ball
1-0: SINGLE (Popup, 13)
Brian Parks to second
Runner from 2nd tries for 3rd, SAFE, throw made to third
Carlos Romero to second
Batting: RHB Gunner Allen 0-0: Called Strike
0-1: Ball
1-1: Ball
2-1: Foul Ball, location: 2F
2-2: Ground out 5-3 (Groundball, 56)
Brian Parks scores
Batting: RHB Ricardo Muñóz 0-0: Called Strike
0-1: Ball
1-1: Ball
2-1: Ball
3-1: Foul Ball, location: 2F
3-2: Foul Ball, location: 2F
3-2: Ground out 4-3 (Groundball, 4D)
Bottom of the 8th over - 3 run(s), 4 hit(s), 0 error(s), 1 left on base; Menlo 2 - Balzac 9
TOP OF THE 9TH
Menlo Maniacs batting - Pitching for Balzac Rams : LHP Martin Balsano
Now in LF: Gerald Arnold
Batting: LHB Tristan Walker 0-0: Foul Ball, location: 2F
0-1: Foul Ball, location: 2F
0-2: Ball
1-2: Strikes out swinging
Batting: RHB Gilberto León 0-0: Called Strike
0-1: Foul Ball, location: 2F
0-2: Foul Ball, location: 2F
0-2: Ball
1-2: Ball
2-2: Ball
3-2: Fly out, F9 (Flyball, 9)
Batting: RHB Kyle Mann 0-0: Foul Ball, location: 2F
0-1: Fly out, F8 (Flyball, 8RM)
Top of the 9th over - 0 run(s), 0 hit(s), 0 error(s), 0 left on base; Menlo 2 - Balzac 9
Tuesday, August 8th, 2017 - OOTP Baseball 17.12 Build 75